 Dungeon Crawl Stone Soup version 0.29.1-1-gd02db6906a (webtiles) character file.

Game seed: 764049948824705977

49 GigaChad the Trooper (level 3, 0/33 HPs)
             Began as a Minotaur Fighter on Oct 4, 2022.
             Slain by a worm (6 damage)
             ... on level 2 of the Dungeon.
             The game lasted 00:02:20 (879 turns).

GigaChad the Trooper (Minotaur Fighter)              Turns: 879, Time: 00:02:20

Health: 0/33       AC:  9    Str: 22    XL:     3   Next: 53%
Magic:  2/2        EV:  7    Int:  5    God:
Gold:   64         SH:  4    Dex:  9    Spells: 2/2 levels left

rFire   . . .      SeeInvis .   a - +0 long sword
rCold   . . .      Faith    .   c - +0 buckler
rNeg    . . .      Spirit   .   f - +0 chain mail
rPois   .          Reflect  .   (helmet restricted)
rElec   .          Harm     .   (no cloak)
rCorr   .          Rampage  .   (no gloves)
Will    .....                   (no boots)
Stlth   ..........              (no amulet)
HPRegen 0.11/turn               (no ring)
MPRegen 0.08/turn               (no ring)

@: no status effects
A: horns 2, retaliatory headbutt
a: no special abilities


You were on level 2 of the Dungeon.
You visited 1 branch of the dungeon, and saw 2 of its levels.

You collected 64 gold pieces.

Inventory:

Hand Weapons
 a - a +0 long sword (weapon)
Armour
 b - a +0 scale mail
 c - a +0 buckler (worn)
 f - a +0 chain mail (worn)
Scrolls
 h - a scroll of brand weapon {unknown}
Potions
 d - a potion of might
 e - a potion of attraction {unknown}
 g - a potion of lignification {unknown}


   Skills:
 + Level 4.2 Fighting
 + Level 3.4 Long Blades
 + Level 4.2 Armour
 + Level 3.8 Shields


You had 2 spell levels left.
You didn't know any spells.
Your spell library was empty.

Dungeon Overview and Level Annotations

Branches:
Dungeon (2/15)

Altars:

Shops:
D:1 [*!


Innate Abilities, Weirdness & Mutations

You have a pair of horns on your head.
You reflexively headbutt those who attack you in melee.


Message History

Found a murky cyan potion.
There is an open door here.
The quokka bites you but does no damage.
The quokka bites you but does no damage.
You slash the quokka!
You kill the quokka!
You open the door.
There is an open door here.
You open the door.
A worm and an adder come into view.
Found a stone staircase leading down.
A worm comes into view.
There is an open door here.
You hit the adder but do no damage. You block the adder's attack.
You barely miss the adder. You block the adder's attack.
The adder closely misses you. The worm bites you.
You slash the adder!
The adder is severely wounded.
The adder bites you but does no damage. The adder bites you.
You miss the adder.
The adder is severely wounded.
The adder bites you but does no damage. You block the worm's attack.
You barely miss the adder.
The adder is severely wounded.
The adder bites you but does no damage. x2; The worm barely misses you.
You hit the adder. Your headbutt misses the adder.
The adder is almost dead.
You block the adder's attack. The adder barely misses you. The worm bites you!
You slash the adder!
You kill the adder!
The worm bites you.
There is an open door here.
You slash the worm!
The worm is heavily wounded.
The worm bites you!
* * * LOW HITPOINT WARNING * * *
You hit the worm. Your headbutt misses the worm.
The worm is severely wounded.
The worm bites you.
You die...

........###.......#
......!##.........
......##........# #+
#....##........# #.
#....##....#...# ######.
#....##...##...# #......
#....'....##...#
+......###....##...#....#
#.....ww@'....##.........
#...>..###....##.......#.
#...... #............###
#...... .............## #
####....)............####
#.....................
#.......####.....#####
#.......# #######


You could see 2 worms.

Vanquished Creatures
  An adder (D:2)
  A worm (D:2)
  2 dart slugs (D:1)
  3 endoplasms
  2 giant cockroaches (D:2)
  2 goblins (D:1)
  3 hobgoblins (D:1)
  4 jackals
  2 kobolds
  A quokka (D:2)
  3 ball pythons (D:1)
  3 bats
  A frilled lizard (D:1)
  A rat (D:1)
29 creatures vanquished.

Notes
Turn   | Place    | Note
-------+----------+-------------------------------------------
     0 | D:1      | GigaChad the Minotaur Fighter began the quest for the Orb.
     0 | D:1      | Reached XP level 1. HP: 19/19 MP: 0/0
   130 | D:1      | Reached XP level 2. HP: 23/27 MP: 1/1
   225 | D:1      | Found Visouck's Armour Emporium.
   278 | D:1      | Found Qeoppaas's General Store.
   415 | D:1      | Found a faded altar of an unknown god.
   446 | D:1      | Found Jyr Ang's Distillery.
   733 | D:2      | Reached XP level 3. HP: 31/33 MP: 2/2
   879 | D:2      | Slain by a worm

Illustrated notes

Levels and vault maps discovered:
D:1:      dpeg_arrival_boxes_within_box, layout_basic, serial_shops,
          nicolae_shop_trees, nicolae_shop_stone, shop,
          chequers_ecumenical_altar_simple_redux, hex_large,
          minmay_misc_feat_four_crosses
D:2:      layout_basic, basic_altar, kennysheep_crisscross,
          minmay_parallelograms

Skill      XL: |  1  2 |
---------------+-------+-----
Armour         | 4 |  4.2
Fighting       | 4 |  4.2
Long Blades    | 3 |  3.4
Shields        | |  3.8

Action                   || total
-------------------------++-------
Melee: Long sword        ||    66
       Headbutt          ||     9
  Use: Scroll            ||     1
Armor: Scale mail        ||    20
       Chain mail        ||    34
Dodge: Dodged            ||    30
Block: Buckler           ||    14
